[Event "Titled Tuesday Blitz January 10 Early 2023"]
[White "Fajdetic, Hrvoje"]
[Black "Joubert, Dantelle"]
[WhiteFideId "14501945"]
[BlackFideId "14310813"]
[WhiteElo "2151"]
[BlackElo "1566"]
[Result "1-0"]
[Round "08"]
[TimeControl "180+2"]
[Date "2023.01.10"]
[WhiteClock "0:00:18"]
[BlackClock "0:00:03"]

1. f4 e5 2. fxe5 d6 3. exd6 Bxd6 4. Nf3 Nc6 5. Nc3 Bg4 6. Ne4 Be7 7. Nf2 Bh5 8. d3 Qd7 9. Bf4 O-O-O 10. Qd2 Qd5 11. e4 Qb5 12. O-O-O Qa4 13. Kb1 h6 14. Qc3 Bxf3 15. gxf3 Bf6 16. Qb3 Qxb3 17. axb3 g5 18. Bg3 h5 19. h4 Nge7 20. Bh3+ Kb8 21. hxg5 Bxg5 22. c3 Rdg8 23. f4 Bf6 24. Bh2 Bh4 25. Rdf1 Rg7 26. Nd1 Rhg8 27. Ne3 Bg3 28. Nf5 Nxf5 29. Bxf5 h4 30. e5 Nd8 31. Be4 Ne6 32. Bxg3 hxg3 33. Rhg1 Rg4 34. f5 Nf4 35. Bf3 Rh4 36. d4 Nh3 37. Rg2 Nf4 38. Rd2 g2 39. Rg1 Rh1 40. Rxh1 gxh1=Q+ 41. Bxh1 Rg1+ 42. Kc2 Rxh1 43. Rf2 Nh5 44. e6 fxe6 45. fxe6 b5 46. Rf8+ Kb7 47. e7 Ng7 48. e8=Q Nxe8 49. Rxe8 Rh2+ 50. Kb1 Kc6 51. Re5 Kb6 52. Ka2 a6 53. b4 1-0


[Site "https://www.chess.com"]

[Event "Titled Tuesday Blitz January 10 Early 2023"]
[White "Bobkov, Vadim"]
[Black "Gressmann, Moritz"]
[WhiteFideId "34110876"]
[BlackFideId "24695084"]
[WhiteElo "2249"]
[BlackElo "2129"]
[Result "0-1"]
[Round "08"]
[TimeControl "180+2"]
[Date "2023.01.10"]
[WhiteClock "0:00:01"]
[BlackClock "0:01:04"]

1. d4 d6 2. Nf3 Nf6 3. c4 Nbd7 4. Nc3 e5 5. dxe5 dxe5 6. g3 c6 7. Bg2 Bb4 8. Qc2 O-O 9. O-O Re8 10. a3 Bf8 11. b3 h6 12. Bb2 Qc7 13. b4 a5 14. Qb3 Nb6 15. c5 Nbd5 16. Nxd5 cxd5 17. Qc3 d4 18. Qc2 axb4 19. axb4 Rxa1 20. Bxa1 b6 21. Rc1 bxc5 22. bxc5 Ba6 23. Qa4 Bxe2 24. Re1 d3 25. c6 Bc5 26. Nd2 Bxf2+ 27. Kxf2 Qb6+ 28. Bd4 exd4 0-1


[Site "https://www.chess.com"]

[Event "Titled Tuesday Blitz January 10 Early 2023"]
[White "Kleiman, Jake"]
[Black "Petrova, Irina"]
[WhiteFideId "2020041"]
[BlackFideId "14124122"]
[WhiteElo "2399"]
[BlackElo "2108"]
[Result "1-0"]
[Round "08"]
[TimeControl "180+2"]
[Date "2023.01.10"]
[WhiteClock "0:00:39"]
[BlackClock "0:01:15"]

1. e4 d6 2. d4 Nf6 3. Nc3 e5 4. Nf3 Nbd7 5. dxe5 dxe5 6. Bc4 Bb4 7. Qe2 O-O 8. O-O c6 9. a4 Qe7 10. a5 Nc5 11. Na2 Ncxe4 12. Nxb4 Qxb4 13. Nxe5 Nd6 14. c3 Qc5 15. b4 Qxe5 16. Qxe5 Nxc4 17. Qd4 Be6 18. Bg5 Nd7 19. Rfe1 Bd5 20. Re7 Rad8 21. Rae1 f6 22. Bh6 Rf7 23. Re8+ Rxe8 24. Rxe8+ Rf8 25. Rxf8+ Kxf8 26. Bxg7+ Kxg7 27. Qg4+ Kh6 28. Qxd7 b6 29. a6 1-0


[Site "https://www.chess.com"]

[Event "Titled Tuesday Blitz January 10 Early 2023"]
[White "Trigo Urquijo, Sergio"]
[Black "Broca Jimenez, Fernando"]
[WhiteFideId "2262436"]
[BlackFideId "5104742"]
[WhiteElo "2408"]
[BlackElo "2075"]
[Result "1-0"]
[Round "08"]
[TimeControl "180+2"]
[Date "2023.01.10"]
[WhiteClock "0:00:57"]
[BlackClock "0:00:05"]

1. Nf3 Nf6 2. g3 d6 3. Bg2 g6 4. O-O Bg7 5. b3 O-O 6. Bb2 c5 7. c4 Nc6 8. d4 cxd4 9. Nxd4 Bd7 10. Nc3 Rc8 11. Rc1 Re8 12. h4 h5 13. Nd5 Nxd5 14. Bxd5 Nxd4 15. Bxd4 Bxd4 16. Qxd4 Bc6 17. Rfd1 Qa5 18. a4 Bxd5 19. Qxd5 Qxd5 20. Rxd5 Rc7 21. Rcd1 Rec8 22. Kf1 Rc5 23. e4 a6 24. Ke2 Rxd5 25. Rxd5 Rc6 26. Kd3 e6 27. Rd4 Kf8 28. a5 Ke7 29. b4 Rc8 30. Kc3 Rc6 31. Rd1 Kf6 32. f4 Ke7 33. Rb1 Kd7 34. Rg1 f5 35. Re1 d5 36. exd5 exd5 37. c5 Re6 38. Rxe6 Kxe6 39. Kd4 Ke7 40. Kxd5 Kd7 41. Ke5 Ke7 42. b5 axb5 43. c6 Kd8 44. cxb7 Kc7 45. a6 Kb8 46. Kd4 Ka7 47. Kc5 Kxa6 48. b8=Q b4 49. Qb6# 1-0


[Site "https://www.chess.com"]

[Event "Titled Tuesday Blitz January 10 Early 2023"]
[White "Marcziter, Dmitrii"]
[Black "Becerra, Juan David"]
[WhiteFideId "13900765"]
[BlackFideId "4404998"]
[WhiteElo "2234"]
[BlackElo "2382"]
[Result "1-0"]
[Round "08"]
[TimeControl "180+2"]
[Date "2023.01.10"]
[WhiteClock "0:01:36"]
[BlackClock "0:01:12"]

1. e4 e5 2. Nf3 Nc6 3. Bc4 Nf6 4. Ng5 d5 5. exd5 b5 6. Bf1 Nxd5 7. Bxb5 Bb7 8. Nf3 Bd6 9. O-O O-O 10. d3 Nd4 11. Nxd4 exd4 12. Nd2 Nf4 13. Ne4 Be5 14. Bxf4 Bxf4 15. Qg4 Be5 16. Qh5 Qd5 17. Bc4 Qa5 18. b4 g6 19. Qg5 h6 20. Qxg6+ 1-0


[Site "https://www.chess.com"]

[Event "Titled Tuesday Blitz January 10 Early 2023"]
[White "Guimaraes, Wagner Peixoto"]
[Black "Kaplan, Avi Harrison"]
[WhiteFideId "2100940"]
[BlackFideId "30934559"]
[WhiteElo "2194"]
[BlackElo "2146"]
[Result "0-1"]
[Round "08"]
[TimeControl "180+2"]
[Date "2023.01.10"]
[WhiteClock "0:00:09"]
[BlackClock "0:00:55"]

1. e4 Nc6 2. d4 e5 3. Nf3 exd4 4. Bc4 Nf6 5. O-O d6 6. Nxd4 Be7 7. Nc3 O-O 8. h3 Ne5 9. Be2 c6 10. f4 Ng6 11. Be3 Qc7 12. Qd2 Rd8 13. Nf5 Bf8 14. Bd4 d5 15. Bxf6 gxf6 16. Rad1 Be6 17. Qc1 dxe4 18. g4 Bc5+ 19. Kg2 Bxf5 20. gxf5 Nh4+ 21. Kh1 Nxf5 22. Rg1+ Bxg1 23. Rxg1+ Kh8 24. Nxe4 Rg8 25. Nxf6 Rxg1+ 26. Qxg1 Qxf4 27. Ng4 Ng3+ 28. Kg2 Nxe2 29. Qc5 Qg3+ 30. Kf1 Qf3+ 31. Ke1 Re8 32. Kd2 Rd8+ 33. Ke1 Nd4 34. Qe5+ f6 35. Nxf6 Nxc2# 0-1


[Site "https://www.chess.com"]

[Event "Titled Tuesday Blitz January 10 Early 2023"]
[White "Reprintsev, Alexander"]
[Black "Pinero Rodriguez, Carlos Jose"]
[WhiteFideId "14100541"]
[BlackFideId "3901726"]
[WhiteElo "2253"]
[BlackElo "2246"]
[Result "1-0"]
[Round "08"]
[TimeControl "180+2"]
[Date "2023.01.10"]
[WhiteClock "0:01:21"]
[BlackClock "0:00:06"]

1. e4 c5 2. b3 d6 3. Bb2 e6 4. f4 Nc6 5. Nc3 a6 6. Qf3 Nf6 7. O-O-O Nd4 8. Qe3 Ng4 9. Qg3 Nf6 10. Nf3 Nxf3 11. gxf3 Qc7 12. f5 exf5 13. Bh3 Bd7 14. Bxf5 Bxf5 15. exf5 O-O-O 16. Ne4 Nxe4 17. fxe4 f6 18. h4 d5 19. e5 fxe5 20. Bxe5 Bd6 21. Bxd6 Rxd6 22. Rde1 Rd7 23. Qg5 b5 24. Re6 Kb7 25. Rhe1 Rf8 26. Qh5 h6 27. Qg6 Qa5 28. Kb1 Qxd2 29. Rb6+ Kc8 30. Qc6+ Rc7 31. Qe6+ Rd7 32. Rc6+ Kd8 33. Rxc5 Qd4 34. Qb6+ 1-0


[Site "https://www.chess.com"]

[Event "Titled Tuesday Blitz January 10 Early 2023"]
[White "Vaglio Munoz, Jaime"]
[Black "Tania, Sachdev"]
[WhiteFideId "6500145"]
[BlackFideId "5007844"]
[WhiteElo "2174"]
[BlackElo "2389"]
[Result "0-1"]
[Round "08"]
[TimeControl "180+2"]
[Date "2023.01.10"]
[WhiteClock "0:01:48"]
[BlackClock "0:00:28"]

1. d4 Nf6 2. c4 e6 3. a3 b6 4. Nf3 Bb7 5. Bg5 Be7 6. Nbd2 d6 7. e3 Nbd7 8. Bd3 e5 9. Qc2 h6 10. Bh4 O-O 11. O-O Re8 12. Bg3 Bf8 13. Bf5 e4 14. Ne1 g6 15. Bh3 c5 16. b4 cxd4 17. exd4 Rc8 18. Qb3 b5 19. c5 Bd5 20. Qb2 dxc5 21. bxc5 Bg7 22. Qxb5 Bc6 23. Qb4 Nd5 24. Qb2 f5 25. Bd6 a6 26. Nc2 Bb5 27. Rfe1 Nxc5 28. Ne3 Nxe3 29. Bxc5 Nd5 30. Nb3 Kh7 31. g3 Ba4 32. Rab1 Rb8 33. Qa2 Nc3 34. Qa1 Nxb1 35. Rxb1 Rxb3 36. Rc1 Qd5 37. Bf1 Bb5 38. Bg2 Rc8 39. a4 Rxc5 40. Qa2 Rxc1+ 41. Bf1 Rxf1+ 42. Kg2 e3+ 43. Kh3 Rxf2 44. Qxf2 exf2 45. Kh4 Qe4+ 46. Kh3 Qg4+ 47. Kg2 f1=Q# 0-1


[Site "https://www.chess.com"]

[Event "Titled Tuesday Blitz January 10 Early 2023"]
[White "Samaganova, Aleksandra"]
[Black "Novikova, Galina"]
[WhiteFideId "13800221"]
[BlackFideId "4157095"]
[WhiteElo "1856"]
[BlackElo "2073"]
[Result "0-1"]
[Round "08"]
[TimeControl "180+2"]
[Date "2023.01.10"]
[WhiteClock "0:00:11"]
[BlackClock "0:00:20"]

1. c4 e6 2. Nc3 f5 3. g3 Nf6 4. Bg2 Be7 5. e3 O-O 6. Nge2 d6 7. d4 e5 8. O-O Nc6 9. Rb1 a5 10. a3 Qe8 11. b4 axb4 12. axb4 Qh5 13. dxe5 dxe5 14. Nd5 Bd8 15. Nxf6+ Bxf6 16. b5 Nd8 17. c5 Kh8 18. b6 c6 19. Qd6 Re8 20. Nc3 Nf7 21. Qd2 Be6 22. Qc2 Ng5 23. f3 Rad8 24. e4 fxe4 25. Nxe4 Nxe4 26. fxe4 Bh3 27. Be3 Bxg2 28. Kxg2 Bg5 29. Bg1 Qg6 30. Rbd1 h6 31. Rxd8 Rxd8 32. Rf2 Be3 33. Re2 Bxg1 34. Kxg1 Qe6 35. Kg2 Qe7 36. Rf2 Rd4 37. Re2 Qe8 38. h3 Qg6 39. h4 Qg4 40. Kh2 Qf3 41. Kh3 Rd3 42. Rg2 Qf1 43. Qf2 Qxf2 44. Rxf2 Rc3 45. Rf8+ Kh7 46. Rf7 Rxc5 47. Rxb7 Rc4 48. Rc7 Rxe4 49. Rxc6 Rb4 50. Re6 Rb5 51. h5 Kh8 52. Re8+ Kh7 53. Re6 Kg8 54. Rc6 Kf7 55. Rc7+ Kf6 56. b7 Kf5 57. Rxg7 e4 58. Rf7+ Ke5 59. Re7+ Kd4 60. Rd7+ Ke3 61. Kg4 Kf2 62. Re7 e3 63. Rf7+ Ke1 64. Re7 e2 65. Kf3 Kf1 66. Rxe2 Rb3+ 67. Kg4 Kxe2 68. Kf5 Rxb7 69. Kg6 Rb6+ 70. Kh7 Kf3 71. g4 Kxg4 72. Kh8 Kxh5 73. Kh7 Rb7+ 74. Kh8 Kg5 75. Kg8 h5 76. Kf8 h4 77. Ke8 h3 78. Kd8 Rg7 79. Kc8 h2 80. Kd8 h1=Q 81. Ke8 Qh8# 0-1


[Site "https://www.chess.com"]

[Event "Titled Tuesday Blitz January 10 Early 2023"]
[White "Valle Maytin, Luis Enrique"]
[Black "Player, Edmund C"]
[WhiteFideId "3503666"]
[BlackFideId "406520"]
[WhiteElo "2241"]
[BlackElo "2204"]
[Result "1-0"]
[Round "08"]
[TimeControl "180+2"]
[Date "2023.01.10"]
[WhiteClock "0:00:34"]
[BlackClock "0:00:03"]

1. e4 e6 2. d4 d5 3. exd5 exd5 4. Nf3 Bd6 5. Bd3 Nc6 6. O-O Nge7 7. c4 dxc4 8. Bxc4 O-O 9. Nc3 Bg4 10. Be3 Ng6 11. h3 Bf5 12. Rc1 Qd7 13. Nb5 Rad8 14. Nxd6 Qxd6 15. Qe2 Nb4 16. a3 Nc6 17. Rfd1 Nf4 18. Qd2 Nd5 19. Bg5 f6 20. Bh4 Ne7 21. Bg3 Qd7 22. Ba2 c6 23. Re1 Ng6 24. Qa5 a6 25. h4 Bg4 26. Nh2 Be6 27. h5 Nge7 28. Nf3 Bg4 29. h6 gxh6 30. Nd2 Kg7 31. Ne4 f5 32. Be5+ Kg6 33. Nc5 Qc8 34. Qd2 f4 35. f3 Bf5 36. Ne4 Ne3 37. Bxf4 1-0


[Site "https://www.chess.com"]

[Event "Titled Tuesday Blitz January 10 Early 2023"]
[White "Rosenberg, Evan S"]
[Black "Avazkhonov, Alikhon"]
[WhiteFideId "2019299"]
[BlackFideId "14208504"]
[WhiteElo "1956"]
[BlackElo "1538"]
[Result "0-1"]
[Round "08"]
[TimeControl "180+2"]
[Date "2023.01.10"]
[WhiteClock "0:00:17"]
[BlackClock "0:02:15"]

1. d4 Nf6 2. Nf3 e6 3. g3 d5 4. Bg2 Be7 5. O-O O-O 6. c4 dxc4 7. Qc2 a6 8. a4 Bd7 9. Bg5 Bc6 10. Nbd2 b5 11. e3 Nbd7 12. Bxf6 Nxf6 13. Ne5 Bxg2 14. Kxg2 c5 15. Ne4 cxd4 16. Nc6 d3 17. Qc3 Nxe4 18. Qe5 Bf6 19. Qxe4 Qd5 20. Qxd5 exd5 21. axb5 axb5 22. Rab1 Ra2 23. Nb4 Rxb2 24. Rxb2 Bxb2 25. Nxd5 c3 26. Rb1 c2 27. Rxb2 c1=Q 28. Rxb5 Qc6 29. e4 Qxb5 30. h4 d2 31. h5 d1=Q 32. h6 Qdf1+ 33. Kh2 Qxf2+ 34. Kh3 Qbf1+ 35. Kh4 Qh1+ 36. Kg4 Qxe4+ 37. Kh3 Qe6+ 38. g4 Qxh6# 0-1


[Site "https://www.chess.com"]

[Event "Titled Tuesday Blitz January 10 Early 2023"]
[White "Silvestre, Christian"]
[Black "Slovineanu, Viacheslav"]
[WhiteFideId "30956269"]
[BlackFideId "13900510"]
[WhiteElo "1942"]
[BlackElo "2412"]
[Result "0-1"]
[Round "08"]
[TimeControl "180+2"]
[Date "2023.01.10"]
[WhiteClock "0:00:10"]
[BlackClock "0:00:15"]

1. e4 c5 2. Nc3 Nc6 3. f4 g6 4. Bc4 Bg7 5. Nf3 e6 6. f5 Nge7 7. fxe6 dxe6 8. O-O O-O 9. d3 Na5 10. Bb3 a6 11. Qe1 b5 12. Qh4 Nec6 13. Bg5 f6 14. Be3 Nd4 15. e5 Naxb3 16. axb3 Nxc2 17. Bxc5 Nxa1 18. Bxf8 Qxf8 19. Ne4 Nxb3 20. exf6 Bh6 21. f7+ Kh8 22. Ne5 Nd4 23. Qxh6 Qxh6 24. f8=Q+ Qxf8 25. Rxf8+ Kg7 26. Rf7+ Kh6 27. Ng4+ Kh5 28. h3 h6 29. Rh7 Nf5 30. Nef6+ Kg5 31. Ne4+ Kf4 32. Kf2 h5 33. Rf7 hxg4 34. g3+ Ke5 35. hxg4 Nd4 36. Ke3 Nc2+ 37. Kd2 Nd4 38. Ke3 Rb8 39. Re7 Bb7 40. Nc3 Bd5 41. Rd7 Nc2+ 42. Kd2 Nb4 43. Ke3 Nc6 44. d4+ Kf6 45. Rg7 Kxg7 46. g5 Rf8 47. Ne2 Rf3+ 48. Kd2 Rb3 49. Nf4 Rxb2+ 50. Ke3 Ra2 51. Nd3 Ra3 52. Kf4 Rxd3 53. g4 Rxd4+ 54. Ke3 Rxg4 55. Kf2 Rxg5 56. Ke2 Rf5 57. Kd2 Kf6 58. Ke3 g5 59. Kd3 g4 60. Ke2 g3 61. Ke1 g2 62. Kd2 g1=Q 63. Kc2 Qg3 64. Kb2 Rf2+ 65. Kb1 Qg1# 0-1


[Site "https://www.chess.com"]

[Event "Titled Tuesday Blitz January 10 Early 2023"]
[White "Fernandez, Michael"]
[Black "Ciuffoletti, Paolo"]
[WhiteFideId "5803560"]
[BlackFideId "807630"]
[WhiteElo "2181"]
[BlackElo "2106"]
[Result "1-0"]
[Round "08"]
[TimeControl "180+2"]
[Date "2023.01.10"]
[WhiteClock "0:01:16"]
[BlackClock "0:00:01"]

1. d4 d5 2. c4 c6 3. Nc3 Nf6 4. cxd5 cxd5 5. f3 Nc6 6. e4 dxe4 7. d5 Nb8 8. fxe4 e6 9. Bb5+ Bd7 10. dxe6 fxe6 11. Bc4 Bb4 12. Qb3 Nc6 13. Bxe6 Nd4 14. Bf7+ Ke7 15. Qxb4+ Kxf7 16. Qxd4 Qe7 17. Bg5 Rad8 18. Nf3 Bb5 19. Bxf6 gxf6 20. Qf2 Rhe8 21. Ng5+ Kg7 22. Nxb5 fxg5 23. O-O Rf8 24. Qxa7 Qxe4 25. Rxf8 Rxf8 26. Nd6 Qe2 27. Qd4+ Kg8 28. Nxb7 1-0


[Site "https://www.chess.com"]

[Event "Titled Tuesday Blitz January 10 Early 2023"]
[White "Thiel, Thomas"]
[Black "AidenRchess"]
[WhiteFideId "4615964"]
[WhiteElo "2234"]
[BlackElo "2385"]
[Result "1/2-1/2"]
[Round "08"]
[TimeControl "180+2"]
[Date "2023.01.10"]
[WhiteClock "0:00:13"]
[BlackClock "0:00:37"]

1. e4 c5 2. Nc3 d6 3. f4 g6 4. Nf3 Bg7 5. Bc4 Nc6 6. O-O e6 7. f5 exf5 8. Qe1 Nge7 9. d3 O-O 10. Qh4 fxe4 11. dxe4 h5 12. Bg5 Qd7 13. Rad1 a6 14. a4 Kh8 15. Bf6 Ng8 16. Bxg7+ Kxg7 17. Nd5 Rb8 18. e5 dxe5 19. Qg3 Qg4 20. Ne3 Qxg3 21. hxg3 Nd4 22. Nxe5 f6 23. Nd3 Be6 24. Nxc5 Bxc4 25. Nxc4 Nc6 26. Ne6+ Kh8 27. Nxf8 Rxf8 28. Rd6 Nce7 29. Rb6 Nf5 30. Rxb7 Nxg3 31. Re1 f5 32. Nd6 Nf6 33. Nf7+ Kg8 34. Nh6+ Kh8 35. Nf7+ Kg8 36. Nh6+ Kh8 37. Nf7+ 1/2-1/2


[Site "https://www.chess.com"]

[Event "Titled Tuesday Blitz January 10 Early 2023"]
[White "Buscar, Michael"]
[Black "Hernandez Bonilla, Amelia"]
[WhiteFideId "2603616"]
[BlackFideId "3900193"]
[WhiteElo "2041"]
[BlackElo "1960"]
[Result "1-0"]
[Round "08"]
[TimeControl "180+2"]
[Date "2023.01.10"]
[WhiteClock "0:00:20"]
[BlackClock "0:00:56"]

1. e4 c5 2. Be2 Nc6 3. Nf3 d6 4. O-O g6 5. d3 Bg7 6. c3 Bg4 7. a4 e6 8. Na3 Nge7 9. Nc4 O-O 10. Bf4 e5 11. Bg5 h6 12. Bd2 d5 13. Ne3 Be6 14. Qc1 Kh7 15. exd5 Nxd5 16. Nxd5 Bxd5 17. Be3 b6 18. Nd2 f5 19. f4 Qc7 20. Bf3 Rad8 21. Qc2 exf4 22. Bf2 g5 23. Bxd5 Rxd5 24. Rfe1 Rfd8 25. Nc4 Rxd3 26. Rad1 Qd7 27. Rxd3 Qxd3 28. Qxd3 Rd4 29. cxd4 1-0


[Site "https://www.chess.com"]

[Event "Titled Tuesday Blitz January 10 Early 2023"]
[White "Langner, Ladislav"]
[Black "Hartikainen, Jarmo"]
[WhiteFideId "300403"]
[BlackFideId "503134"]
[WhiteElo "2368"]
[BlackElo "2108"]
[Result "1-0"]
[Round "08"]
[TimeControl "180+2"]
[Date "2023.01.10"]
[WhiteClock "0:00:52"]
[BlackClock "0:00:11"]

1. e4 c5 2. c3 d5 3. exd5 Qxd5 4. d4 cxd4 5. cxd4 Nc6 6. Nf3 Bg4 7. Nc3 Bxf3 8. Nxd5 Bxd1 9. Nc7+ Kd8 10. Nxa8 Bh5 11. f3 Nf6 12. Bc4 e6 13. Bf4 Bb4+ 14. Kf2 Ba5 15. a3 Kd7 16. b4 Bd8 17. d5 exd5 18. Rad1 g5 19. Bg3 Ke6 20. Bb3 Bg6 21. Rhe1+ Kd7 22. Bxd5 Nxd5 23. Rxd5+ Kc8 24. b5 Ne7 25. Rc1+ Bc7 26. Rxc7+ Kb8 27. Rcd7+ Kxa8 28. Rd8+ Rxd8 29. Rxd8+ 1-0


[Site "https://www.chess.com"]

[Event "Titled Tuesday Blitz January 10 Early 2023"]
[White "Chos, Alexey"]
[Black "Ghosh, Chanchal Kumer"]
[WhiteFideId "14117762"]
[BlackFideId "10201858"]
[WhiteElo "2296"]
[BlackElo "2020"]
[Result "1-0"]
[Round "08"]
[TimeControl "180+2"]
[Date "2023.01.10"]
[WhiteClock "0:01:57"]
[BlackClock "0:00:30"]

1. Nf3 d5 2. c4 e6 3. g3 Nf6 4. Bg2 Be7 5. O-O O-O 6. d4 c6 7. Nc3 Nbd7 8. Nd2 h6 9. e4 dxe4 10. Ndxe4 Nxe4 11. Nxe4 Nf6 12. Nc3 Qc7 13. Be3 b6 14. Bf4 Qd7 15. d5 exd5 16. cxd5 Bb7 17. dxc6 Bxc6 18. Qxd7 Bxd7 19. Bxa8 Rxa8 20. Rfe1 Bc5 21. Be3 Bb4 22. Bd4 Nd5 23. Nxd5 Bxe1 24. Rxe1 Rd8 25. Bc3 Be6 26. Nc7 Bxa2 27. f4 Rd7 28. Nb5 a6 29. Nd4 Bc4 30. Nc6 Rd6 31. Ne7+ Kh7 32. Nf5 Rg6 33. Nxg7 Rxg7 34. Bxg7 Kxg7 35. Re8 a5 36. Kf2 b5 37. Ke3 a4 38. Kd4 Bf1 39. Rb8 Kf6 40. Kc5 h5 41. Rxb5 Bxb5 42. Kxb5 Kf5 43. Kxa4 Kg4 44. b4 Kh3 45. b5 Kxh2 46. b6 Kxg3 47. b7 Kg4 48. b8=Q f5 49. Qh8 h4 50. Qa1 h3 51. Qg1+ Kxf4 52. Qh2+ Kg4 53. Kb4 f4 54. Kc4 Kf3 55. Qxh3+ Ke2 56. Qg2+ Ke3 57. Qf1 1-0


[Site "https://www.chess.com"]

[Event "Titled Tuesday Blitz January 10 Early 2023"]
[White "Clawitter, Craig"]
[Black "Liu, Casper"]
[WhiteFideId "2023105"]
[BlackFideId "1454153"]
[WhiteElo "2050"]
[BlackElo "2278"]
[Result "0-1"]
[Round "08"]
[TimeControl "180+2"]
[Date "2023.01.10"]
[WhiteClock "0:00:01"]
[BlackClock "0:02:10"]

1. e4 e5 2. Nf3 Nc6 3. Bb5 a6 4. Ba4 Nf6 5. O-O b5 6. Bb3 d6 7. a4 Bb7 8. d3 Be7 9. Nc3 b4 10. Nd5 Nxd5 11. Bxd5 O-O 12. Nd2 Na5 13. Bxb7 Nxb7 14. f4 exf4 15. Nc4 f5 16. exf5 d5 17. Ne5 Rxf5 18. Bxf4 Bd6 19. d4 Qf6 20. Bg3 Rf8 21. Qd3 Nc5 22. Qxf5 Qxf5 23. Rxf5 Rxf5 24. dxc5 Bxe5 25. Bxe5 Rxe5 26. Kf2 d4 27. Rd1 Rxc5 28. Rd2 Rd5 29. Ke2 c5 30. Kd3 Kf7 31. Kc4 Rf5 32. Re2 h5 33. g3 g5 34. a5 h4 35. gxh4 gxh4 36. b3 h3 37. Kd3 Rf3+ 38. Kc4 Rc3+ 39. Kd5 Kf6 40. Kc6 Kg5 41. Kb6 Kf4 42. Kxa6 Kf3 43. Rd2 Ke3 0-1


[Site "https://www.chess.com"]

[Event "Titled Tuesday Blitz January 10 Early 2023"]
[White "Mendez Machado, Andre"]
[Black "Nugumanov, Bakhtiyar"]
[WhiteFideId "6603793"]
[BlackFideId "13701797"]
[WhiteElo "1974"]
[BlackElo "2316"]
[Result "1-0"]
[Round "08"]
[TimeControl "180+2"]
[Date "2023.01.10"]
[WhiteClock "0:00:13"]
[BlackClock "0:00:01"]

1. e4 d6 2. d4 Nf6 3. Nc3 e5 4. Nf3 exd4 5. Nxd4 Be7 6. Bd3 O-O 7. O-O c6 8. Nf5 Nbd7 9. g4 Ne5 10. g5 Nfd7 11. Nxe7+ Qxe7 12. f4 Nxd3 13. cxd3 d5 14. f5 dxe4 15. dxe4 f6 16. g6 h6 17. Qb3+ Kh8 18. Rf3 Ne5 19. Rh3 Qc5+ 20. Be3 Qc4 21. Qa3 Bxf5 22. Bxh6 Bxh3 23. Bxg7+ Kxg7 24. Qe7+ Kxg6 25. Kh1 Nf3 26. Qd6 Ng5 27. Qg3 Bd7 28. h4 Rh8 29. Kg1 Qd4+ 30. Kg2 Qd2+ 31. Kg1 1-0


[Site "https://www.chess.com"]

[Event "Titled Tuesday Blitz January 10 Early 2023"]
[White "Degtiarev, Evgeny"]
[Black "Rosh Jain"]
[WhiteFideId "4149610"]
[BlackFideId "25789465"]
[WhiteElo "2385"]
[BlackElo "2248"]
[Result "0-1"]
[Round "08"]
[TimeControl "180+2"]
[Date "2023.01.10"]
[WhiteClock "0:00:01"]
[BlackClock "0:00:20"]

1. d4 Nf6 2. c4 e6 3. g3 d5 4. Nf3 dxc4 5. Bg2 Nc6 6. O-O Rb8 7. a4 a6 8. Bg5 b5 9. axb5 axb5 10. e4 Be7 11. e5 Nd5 12. h4 h6 13. Bxe7 Qxe7 14. Nc3 O-O 15. Ne4 Ncb4 16. Nc5 Rb6 17. Nd2 Na6 18. Nde4 Rd8 19. Qg4 Kh8 20. Kh2 Ndb4 21. Rad1 Nc2 22. Nxa6 Bxa6 23. Nc5 Bc8 24. Qe4 Nb4 25. f4 Na6 26. f5 exf5 27. Rxf5 Bxf5 28. Qxf5 Nxc5 29. dxc5 Rxd1 30. cxb6 cxb6 31. h5 Rd2 32. Qc8+ Qd8 33. Qc6 Rxb2 34. Kh3 Rc2 35. Be4 Rc1 36. Qxb5 Re1 37. Qxc4 Qd7+ 38. Kh2 Rd1 39. Bg2 Rd2 40. Qc3 b5 41. Qe3 b4 42. Kh1 Rd3 43. Qb6 b3 44. Qb8+ Qd8 0-1


[Site "https://www.chess.com"]

[Event "Titled Tuesday Blitz January 10 Early 2023"]
[White "Sargissyan, Sargis"]
[Black "Kovacevic, Radmila"]
[WhiteFideId "13303210"]
[BlackFideId "933171"]
[WhiteElo "2234"]
[BlackElo "2106"]
[Result "0-1"]
[Round "08"]
[TimeControl "180+2"]
[Date "2023.01.10"]
[WhiteClock "0:00:09"]
[BlackClock "0:00:42"]

1. e4 e5 2. Nf3 d5 3. exd5 e4 4. Qe2 Nf6 5. Nc3 Be7 6. Nxe4 O-O 7. d3 Nxd5 8. c4 Nb6 9. Be3 f5 10. Nc3 Bb4 11. O-O-O Bxc3 12. bxc3 Re8 13. Qd2 Na4 14. Qc2 Bd7 15. Bg5 Qc8 16. d4 h6 17. Be3 b6 18. Ne5 Qa6 19. c5 b5 20. Bd3 Rxe5 21. dxe5 Qe6 22. Bxf5 Qxf5 23. Qxf5 Bxf5 24. Rd8+ Kf7 25. Bd4 Be4 26. f3 Bc6 27. Re1 Na6 28. e6+ Ke7 29. Rxa8 Bxa8 30. Bxg7 N6xc5 31. Bxh6 Nd3+ 32. Kd2 Nxe1 33. Kxe1 Nxc3 34. f4 Kxe6 35. g4 Nxa2 36. f5+ Kf6 37. Kf2 b4 38. Bf8 a5 39. Kg3 a4 40. Kf4 Kf7 41. Bc5 b3 42. Bd4 a3 43. g5 b2 44. g6+ Kg8 45. f6 Bd5 0-1


[Site "https://www.chess.com"]

[Event "Titled Tuesday Blitz January 10 Early 2023"]
[White "ritanovikova"]
[Black "Ovezdurdyyeva, Jemal"]
[BlackFideId "14001888"]
[WhiteElo "2112"]
[BlackElo "2078"]
[Result "1-0"]
[Round "08"]
[TimeControl "180+2"]
[Date "2023.01.10"]
[WhiteClock "0:00:09"]
[BlackClock "0:00:01"]

1. d4 Nf6 2. Bf4 e6 3. Nd2 d5 4. c3 Bd6 5. Bg3 O-O 6. e3 c5 7. Ngf3 Nc6 8. Be2 Qc7 9. O-O b6 10. Rc1 Bb7 11. c4 Bxg3 12. hxg3 cxd4 13. cxd5 Nxd5 14. Nxd4 Qd7 15. Bb5 Nde7 16. Qa4 Rfc8 17. N2f3 a6 18. Nxc6 Nxc6 19. Bxc6 Bxc6 20. Qb4 Qb7 21. Qf4 Rd8 22. Rfd1 h6 23. g4 Bd5 24. Rc7 Rd7 25. Rxb7 Rxb7 26. b3 Rc8 27. Nd4 Rbc7 28. e4 Bb7 29. g5 hxg5 30. Qxg5 Bxe4 31. Qe3 Bd5 32. Nf3 Rc2 33. Rd2 Rc1+ 34. Kh2 R1c3 35. Rd3 Rc2 36. a4 R2c5 37. b4 R5c6 38. Ne5 Rc4 39. Qxb6 Rh4+ 40. Kg3 Rh5 41. Qe3 Rb8 42. Rd4 f6 43. Nf3 Kf7 44. Qc3 Rbh8 45. Qc7+ Kg6 46. Nh4+ Kh6 47. f4 Kh7 48. Nf3 Kg6 49. b5 axb5 50. axb5 Bxf3 51. Kxf3 Rxb5 52. Qe7 Rb3+ 53. Kf2 Rc8 54. Rd2 Rb6 55. Qd7 Rcc6 56. Qe7 Ra6 57. Qe8+ Kf5 58. g3 Rc3 59. Qh8 Raa3 60. Qh5+ Ke4 61. Qg6+ f5 62. Qxe6# 1-0


[Site "https://www.chess.com"]

[Event "Titled Tuesday Blitz January 10 Early 2023"]
[White "Doluhanova, Evgeniya"]
[Black "Flis, Pawel"]
[WhiteFideId "14112035"]
[BlackFideId "1112864"]
[WhiteElo "2275"]
[BlackElo "1879"]
[Result "1-0"]
[Round "08"]
[TimeControl "180+2"]
[Date "2023.01.10"]
[WhiteClock "0:00:13"]
[BlackClock "0:00:04"]

1. Nf3 Nf6 2. g3 g6 3. Bg2 Bg7 4. O-O O-O 5. d4 d6 6. c4 c5 7. dxc5 dxc5 8. Qxd8 Rxd8 9. Nc3 Nc6 10. Be3 Be6 11. Rac1 Bxc4 12. b3 Be6 13. Bxc5 Rac8 14. Ng5 Bf5 15. e4 Bd7 16. Nd5 h6 17. Bxe7 hxg5 18. Nxf6+ Bxf6 19. Bxf6 Re8 20. Bxg5 Ne5 21. Rxc8 Rxc8 22. h3 Bc6 23. Rc1 Nd3 24. Rc3 Nb4 25. a4 Bd7 26. Rxc8+ Bxc8 27. e5 b6 28. Be7 Nd3 29. Bd6 Kg7 30. b4 Bd7 31. a5 bxa5 32. bxa5 a6 33. Bf1 Bb5 34. f4 f5 35. e6 Kf6 36. e7 Kf7 37. g4 fxg4 38. hxg4 Ke8 39. g5 Kd7 40. f5 gxf5 41. g6 Ke6 42. g7 Kf7 43. Bxd3 Bxd3 44. g8=Q+ Kxg8 45. e8=Q+ Kg7 46. Qe5+ Kg6 47. Qg3+ Kf6 48. Qxd3 Kg5 49. Qg3+ Kf6 50. Qf4 1-0


[Site "https://www.chess.com"]